 Dungeon Crawl Stone Soup version 0.29-a0-284-gf9362112df (webtiles) character file.

Game seed: 13616340761595150005

1341 spaghetti the Ogre Mage (level 8, -1/74 HPs)
             Began as an Ogre Warper on Mar 30, 2022.
             Was a Priest of Wu Jian.
             Slain by a gnoll
             ... wielding a +0 spear
              (3 damage)
             ... on level 5 of the Dungeon.
             The game lasted 00:16:41 (8963 turns).

spaghetti the Ogre Mage (Ogre Warper)               Turns: 8963, Time: 00:16:42

Health: -1/74      AC:  4    Str: 16    XL:     8   Next: 62%
Magic:  3/18       EV: 10    Int: 16    God:    Wu Jian [***...]
Gold:   153        SH:  0    Dex: 10    Spells: 2/21 levels left

rFire   . . .      SeeInvis .   g - +3 dagger (venom) {short}
rCold   . . .      Faith    .   (no shield)
rNeg    . . .      Spirit   .   b - +0 robe
rPois   .          Reflect  .   (helmet restricted)
rElec   .          Harm     .   o - +0 cloak
rCorr   .          Rampage  .   (gloves unavailable)
Will    .....                   (boots unavailable)
Stlth   +.........              (no amulet)
HPRegen 0.22/turn               (no ring)
MPRegen 0.16/turn               (no ring)

@: about to teleport, serpent's lash
A: large, unfitting armour, tough skin 1, agile 1, MP-powered wands
a: Renounce Religion, Wall Jump, Serpent's Lash


You were on level 5 of the Dungeon.
You worshipped Wu Jian.
Wu Jian was most pleased with you.
You visited 1 branch of the dungeon, and saw 6 of its levels.

You collected 153 gold pieces.


Innate Abilities, Weirdness & Mutations

You are too large for most types of armour.
You have tough skin. (AC +1)
You are agile. (Dex +2)
You expend magic power (3 MP) to strengthen your wands.


   Skills:
 - Level 2.6 Fighting
 - Level 1.7 Maces & Flails
 - Level 1.5 Throwing
 - Level 2.1 Dodging
 - Level 7.0 Spellcasting
 + Level 4.9 Conjurations
 - Level 3.2 Translocations
 + Level 4.9 Earth Magic


You had 2 spell levels left.
You knew the following spells:

 Your Spells              Type           Power      Damage    Failure   Level
a - Blink                 Tloc           30%        N/A       4%          2
b - Gell's Gravitas       Tloc           15%        N/A       10%         3
c - Lesser Beckoning      Tloc           15%        N/A       10%         3
d - Teleport Other        Tloc           15%        N/A       10%         3
e - Stone Arrow           Conj/Erth      42%        3d9       4%          3
f - Iskenderun's Battles  Conj           21%        2d7       41%         5

Your spell library contained the following spells:

 Spells                   Type           Power      Damage    Failure   Level
 Animate Armour           Summ/Erth      26%        N/A       41%         4
 Manifold Assault         Tloc           15%        N/A       67%         5
 Iron Shot                Conj/Erth      10%        9d3       94%         6
 Spellforged Servitor     Conj/Summ      6%         N/A       100%        7
 Lehudib's Crystal Spear  Conj/Erth      10%        10d4      100%        8

Inventory:

Hand Weapons
 a - a +1 mace {mace}
 g - a +3 dagger of venom (weapon) {short}
   (You took it off a kobold on level 4 of the Dungeon)
Missiles
 c - 4 poisoned darts {throwing}
 d - 7 boomerangs of dispersal {=f!fthrowing}
 e - 290 stones (quivered) {throwing}
 m - 2 throwing nets {=f!fthrowing}
Armour
 b - a +0 robe (worn)
 o - a +0 cloak (worn)
   (You found it on level 2 of the Dungeon)
Magical Staves
 s - a staff of poison {!astaff}
   (You took it off a kobold on level 5 of the Dungeon)
Jewellery
 j - a +6 ring of dexterity
   (You took it off a gnoll on level 4 of the Dungeon)
 q - a ring of wizardry
   (You took it off a kobold on level 5 of the Dungeon)
Wands
 h - a wand of paralysis (5)
   (You took it off an orc on level 3 of the Dungeon)
Scrolls
 f - a scroll of fog
 k - 2 scrolls of identify {@r1}
 n - a scroll of noise {unknown}
 r - a scroll of amnesia {unknown}
 t - a scroll of vulnerability {!r!r}
Potions
 i - 2 potions of ambrosia {unknown}

Dungeon Overview and Level Annotations

Branches:
Dungeon (6/15)             Temple (0/1) D:4

Altars:
Wu Jian

Shops:
D:3 (

Annotations:
D:5 3 runed translucent doors, soylentgreeen202's ghost, novice GrMo

###### ##### #....# ....# #....#
...... .. ####....#########......
. ..#......#.....gg))....
..'......'....)@K......
.#......#.....gg......
##....#########...... #....#
...... #....# ....#
######''#########################
≈≈≈≈≈.....≈≈≈≈≈≈≈≈≈≈≈≈≈≈≈≈≈≈≈≈≈≈≈
≈≈≈≈.....≈≈≈≈≈≈≈≈≈≈≈≈≈≈≈≈≈≈≈≈≈≈≈≈
≈≈≈≈≈.....≈≈≈≈≈≈≈≈≈≈≈≈≈≈≈≈≈≈≈≈≈≈≈


You could see 4 gnolls and a kobold.


Message History

You take 6 damage, and now have 55/74 hp.
You spin and attack the kobold.
You hit the kobold but do no damage.
The kobold is poisoned.
You spin and attack the kobold.
You hit the kobold but do no damage.
The kobold is poisoned.
The kobold closely misses you. The kobold hits you but does no damage.
The gnoll barely misses you.
The gnoll hits you from afar with a +0 spear.
You see here a +0 club {mace}.
You closely miss the kobold.
The kobold hits you but does no damage. x2
The gnoll barely misses you.
The gnoll hits you from afar with a +0 spear. 😮 HP[-1]
You take 1 damage, and now have 54/74 hp.
You hit the kobold.
You kill the kobold!
The Council accepts your kill.
You kill the kobold!
The Council accepts your kill.
The gnoll hits you from afar with a +0 spear.
The gnoll closely misses you. 😮 HP[-6]
You take 6 damage, and now have 48/74 hp.
You hit the kobold.
You kill the kobold!
The Council accepts your kill.
The gnoll hits you from afar with a +0 spear.
The gnoll closely misses you. 😮 HP[-2]
You take 2 damage, and now have 46/74 hp.
You lunge at the gnoll.
You closely miss the gnoll. The gnoll hits you with a +0 club.
Things that are here:
a +0 club {mace}; 14 stones {throwing}; 😮 HP[-2]
You take 2 damage, and now have 44/74 hp.
You closely miss the kobold. The gnoll hits you with a +0 spear!
* * * LOW HITPOINT WARNING * * *
The kobold hits you with a +0 club.
* * * LOW HITPOINT WARNING * * *
The gnoll barely misses you. x2; The gnoll hits you with a +0 club.
* * * LOW HITPOINT WARNING * * *
😨 HP[-14] MP[+1]
You take 14 damage, and now have 30/74 hp.
Unknown command.
You barely miss the gnoll. The gnoll barely misses you.
The gnoll hits you with a +0 club.
* * * LOW HITPOINT WARNING * * *
The gnoll barely misses you. The kobold barely misses you.
The gnoll hits you but does no damage. 😨 HP[-1]
You take 1 damage, and now have 29/74 hp.
Unknown command.
You hit the gnoll.
The gnoll is poisoned.
The gnoll hits you with a +0 spear.
* * * LOW HITPOINT WARNING * * *
The kobold hits you with a +0 club.
* * * LOW HITPOINT WARNING * * *
The gnoll misses you. The gnoll hits you with a +0 spear.
* * * LOW HITPOINT WARNING * * *
The gnoll hits you with a +0 club.
* * * LOW HITPOINT WARNING * * *
😱 HP[-14]
You take 14 damage, and now have 15/74 hp.
Unknown command.
You feel much better. The gnoll hits you with a +0 spear.
* * * LOW HITPOINT WARNING * * *
The kobold barely misses you. The gnoll closely misses you.
The gnoll hits you with a +0 spear.
* * * LOW HITPOINT WARNING * * *
The gnoll hits you with a +0 club.
* * * LOW HITPOINT WARNING * * *
😨 HP[+15]
You regained 15 hp, and now have 30/74 hp.
You hit the gnoll. The gnoll hits you with a +0 spear.
* * * LOW HITPOINT WARNING * * *
The kobold barely misses you. The gnoll closely misses you.
The gnoll hits you with a +0 spear.
* * * LOW HITPOINT WARNING * * *
The gnoll barely misses you. 😨 HP[-5]
You take 5 damage, and now have 25/74 hp.
Unknown command.
Your muscles tense, ready for explosive movement...
You hit the gnoll but do no damage. The gnoll hits you with a +0 spear.
* * * LOW HITPOINT WARNING * * *
The kobold hits you with a +0 club.
* * * LOW HITPOINT WARNING * * *
The gnoll hits you but does no damage. The gnoll hits you with a +0 spear!
* * * LOW HITPOINT WARNING * * *
The gnoll hits you with a +0 club.
* * * LOW HITPOINT WARNING * * *
😱 HP[-15]
You take 15 damage, and now have 10/74 hp.
MASSIVE DAMAGE!! (PAUSE)
As you read the scroll of teleportation {@r4}, it crumbles to dust.
You feel strangely unstable. The gnoll hits you with a +0 spear!
* * * LOW HITPOINT WARNING * * *
The gnoll hits you with a +0 club.
* * * LOW HITPOINT WARNING * * *
The gnoll hits you with a +0 spear.
You die...

Skill      XL: |  1  2  3  4  5  6  7  8 |
---------------+-------------------------+-----
Spellcasting   | 3 4 5 6 7 |  7.0
Translocations | 3 |  3.2
Conjurations   | 1 3 4 |  4.9
Earth Magic    | 1 3 4 |  4.9
Fighting       | |  2.6
Maces & Flails | |  1.7
Throwing       | |  1.5
Dodging        | |  2.1

Action                   |  1- 3 |  4- 6 |  7- 9 || total
-------------------------+-------+-------+-------++-------
Melee: Mace              |   123 |   135 |       ||   258
       Punch             |     3 |     2 |       ||     5
       Dagger            |       |       |    83 ||    83
Throw: Stone             |    85 |    13 |       ||    98
 Cast: Stone Arrow       |       |     5 |    70 ||    75
Invok: Lunge             |     2 |     4 |     4 ||    10
       Whirlwind         |       |     5 |     4 ||     9
       Serpent's Lash    |       |       |     1 ||     1
 Abil: Wall Jump         |       |     2 |       ||     2
  Use: Potion            |     1 |     7 |     3 ||    11
       Scroll            |       |    10 |     1 ||    11
 Stab: Sleeping          |     1 |     3 |       ||     4
Armor: Robe              |    43 |    59 |    41 ||   143
Dodge: Dodged            |    70 |   114 |    77 ||   261

Levels and vault maps discovered:
D:1:      elethiomel_arrival_quiet, layout_loops_ring,
          shapermc_ecumenical_altar_starsandcircs, nrook_loot_triangle,
          serial_bayou_ford_a, chequers_serial_rivers_large_a,
          minmay_shallow_snake_nest
D:2:      layout_basic, minmay_surrounded
D:3:      layout_basic, serial_shops, shop
D:4:      layout_loops_ring, minmay_temple_entry_slanted, wad_floor_pattern_2,
          uniq_menkaure
D:5:      minmay_goblin_kobold_castle, layout_rooms, gammafunk_ghost_necromancy,
          serial_aquarium, aquarium_bridge_long_joined [aquarium_subvault_wall,
          aquarium_subvault_wall, aquarium_subvault_wall,
          aquarium_subvault_bridge, aquarium_subvault_window,
          aquarium_subvault_window], aquarium_bridge_straight
          [aquarium_subvault_bridge, aquarium_subvault_wall,
          aquarium_subvault_bridge, aquarium_subvault_window],
          aquarium_window_corridor_1, aquarium_window_1, aquarium_window_1,
          aquarium_view_4, aquarium_view_2d, aquarium_balcony_3a, st_stairs_4
D:6:      layout_loops_ring, mainiacjoe_overflow_paths, uniq_maggie,
          uniq_grinder

Notes
Turn   | Place    | Note
-------+----------+-------------------------------------------
     0 | D:1      | spaghetti the Ogre Warper began the quest for the Orb.
     0 | D:1      | Reached XP level 1. HP: 22/22 MP: 3/3
     0 | D:1      | magus.rc [v1.9.6]
    92 | D:1      | Reached skill level 3 in Spellcasting
    95 | D:1      | Reached XP level 2. HP: 19/29 MP: 6/6
   200 | D:1      | Learned a level 2 spell: Blink
   569 | D:1      | Found a faded altar of an unknown god.
   600 | D:1      | Prayed at the altar of an unknown god.
   600 | D:1      | Became a worshipper of the Wu Jian Council
   600 | D:1      | Reached * piety under Wu Jian
   715 | D:1      | Reached XP level 3. HP: 35/36 MP: 8/8
   719 | D:1      | Learned a level 3 spell: Gell's Gravitas
   723 | D:1      | Learned a level 3 spell: Lesser Beckoning
   762 | D:1      | Reached skill level 4 in Spellcasting
  1420 | D:2      | Reached skill level 3 in Translocations
  2084 | D:2      | Reached XP level 4. HP: 44/44 MP: 10/10
  2181 | D:2      | You pick up a book of Armaments and begin reading...
  2181 | D:2      | You add the spells Stone Arrow, Animate Armour and
                  | Lehudib's Crystal Spear to your library.
  2195 | D:2      | Learned a level 3 spell: Teleport Other
  2351 | D:3      | Found Ravismoif's Antique Weapon Shoppe.
  2423 | D:3      | You pick up a book of Power and begin reading...
  2423 | D:3      | You add the spells Iskenderun's Battlesphere, Iron Shot and
                  | Spellforged Servitor to your library.
  2712 | D:3      | Gained mutation: You are dopey. (Int -2) [potion of
                  | mutation]
  2712 | D:3      | Lost mutation: You are dopey. (Int -2) [potion of mutation]
  2712 | D:3      | Gained mutation: You expend magic power (3 MP) to
                  | strengthen your wands. [potion of mutation]
  2712 | D:3      | Gained mutation: You are agile. (Dex +2) [potion of
                  | mutation]
  3071 | D:3      | HP: 11/44 [gnoll/+0 spear (6)]
  3679 | D:3      | Reached ** piety under Wu Jian
  4181 | D:3      | Reached skill level 5 in Spellcasting
  4181 | D:3      | Reached XP level 5. HP: 38/50 MP: 10/12
  4312 | D:4      | Found a staircase to the Ecumenical Temple.
  4621 | D:5      | Entered Level 5 of the Dungeon
  4627 | D:5      | HP: 6/50 [gnoll/+0 flail (7)]
  4627 | D:5      | HP: 2/50 [gnoll/+0 club (4)]
  4960 | D:4      | Noticed a black bear
  4988 | D:5      | Reached skill level 6 in Spellcasting
  4988 | D:5      | Reached XP level 6. HP: 26/59 MP: 15/15
  5282 | D:5      | Noticed an ice beast
  5288 | D:5      | Noticed a sky beast
  5516 | D:4      | Learned a level 3 spell: Stone Arrow
  5592 | D:4      | Noticed Menkaure
  5599 | D:4      | Killed Menkaure
  5600 | D:4      | Reached skill level 1 in Conjurations
  5600 | D:4      | Reached skill level 1 in Earth Magic
  5722 | D:4      | Killed a black bear
  5723 | D:4      | Reached XP level 7. HP: 45/66 MP: 0/17
  5827 | D:4      | Learned a level 5 spell: Iskenderun's Battlesphere
  5973 | D:4      | Reached skill level 7 in Spellcasting
  6008 | D:4      | Reached skill level 2 in Conjurations
  6041 | D:4      | Reached skill level 2 in Earth Magic
  6786 | D:5      | Noticed soylentgreeen202's ghost (novice GrMo)
  6786 | D:5      | Found a runed translucent gate.
  6786 | D:5      | Found a runed translucent gate.
  6786 | D:5      | Found a runed translucent gate.
  7220 | D:5      | Reached *** piety under Wu Jian
  7253 | D:5      | Reached skill level 3 in Conjurations
  7253 | D:5      | Reached skill level 3 in Earth Magic
  7268 | D:5      | Reached XP level 8. HP: 22/74 MP: 10/18
  7640 | D:5      | HP: 17/74 [acid (8)]
  7951 | D:5      | Reached skill level 4 in Conjurations
  7953 | D:5      | Reached skill level 4 in Earth Magic
  8776 | D:5      | Identified the +10 plate armour "Nequuq" {Contam Regen+
                  | Str+4}
  8959 | D:5      | HP: 15/74 [gnoll/+0 club (5)]
  8963 | D:5      | HP: 3/74 [gnoll/+0 spear (7)]
  8963 | D:5      | Slain by a gnoll

Vanquished Creatures
  Menkaure (D:4)
  A water moccasin (D:5)
  An ice beast (D:5)
  2 sky beasts (D:5)
  A black bear (D:4)
  A phantom (D:5)
  3 scorpions (D:5)
  A howler monkey (D:4)
  3 hounds
  A jelly (D:5)
  2 orc priests
  An orc wizard (D:5)
  2 adders
  8 gnolls
  2 ufetubi (D:5)
  3 worms
  4 dart slugs
  13 orcs
  7 ball pythons
  6 bats
  9 endoplasms
  2 giant cockroaches
  6 goblins
  6 hobgoblins
  7 jackals (D:1)
  27 kobolds
  6 quokkas
  2 frilled lizards
  8 rats
136 creatures vanquished.

Vanquished Creatures (others)
  14 fungi (D:5)
14 creatures vanquished.

Grand Total: 150 creatures vanquished

Table legend:
 A = Non-vault XP
 B = Vault XP
 C = Vault XP percentage of total XP
 D = Non-vault monster count
 E = Vault monster count
 F = Vault count percentage of total count
                 A         B        C        D         E       F
            +---------+---------+-------+---------+---------+-------
      Total |    1426 |     491 |  25.6 |     100 |      36 |  26.5
            +---------+---------+-------+---------+---------+-------
        D:1 |      49 |       3 |   5.8 |      27 |       2 |   6.9
        D:2 |      28 |       8 |  22.2 |      14 |       3 |  17.6
        D:3 |      96 |       0 |   0.0 |      16 |       0 |   0.0
        D:4 |     363 |     171 |  32.0 |      23 |       2 |   8.0
        D:5 |     890 |     309 |  25.8 |      20 |      29 |  59.2
            +---------+---------+-------+---------+---------+-------

Illustrated notes

Table legend:
 A = Kills in this place as a percentage of kills in entire the game.
 B = Kills by you in this place as a percentage of kills by you in the entire game.
 C = Kills by friends in this place as a percentage of kills by friends in the entire game.
 D = Other kills in this place as a percentage of other kills in the entire game.
 E = Experience gained in this place as a percentage of experience gained in the entire game.
 F = Experience gained in this place divided by the number of levels of this place that you have seen.
                   A       B       C       D       E      F
               +-------+-------+-------+-------+-------+----------------------
         Total | 100.0 | 100.0 |   N/A |   N/A | 100.0 | 319.5
       Dungeon | 100.0 | 100.0 |   N/A |   N/A | 100.0 | 319.5
               +-------+-------+-------+-------+-------+----------------------

Table legend: (Time is in decaauts)
 A = Elapsed time spent in this place.
 B = Non-inter-level travel time spent in this place.
 C = Inter-level travel time spent in this place.
 D = Time resting spent in this place.
 E = Time spent auto-exploring this place.
 F = Levels seen in this place.
 G = Mean time per level.
                   A        B        C        D        E       F      G
               +--------+--------+--------+--------+--------+-----+--------+
         Total |   9074 |   8786 |    288 |   2448 |   5090 |   6 | 1512.3 |
       Dungeon |   9074 |   8786 |    288 |   2448 |   5090 |   6 | 1512.3 |
               +--------+--------+--------+--------+--------+-----+--------+

Top non-repeatable levels by time:
     D:5: 2609 daAuts
     D:4: 1927 daAuts
     D:2: 1475 daAuts
     D:1: 1455 daAuts
     D:3: 1396 daAuts
     D:6: 208 daAuts
